 Dungeon Crawl Stone Soup version 0.26-a0-154-g3d63440f56 (webtiles) character file.

Game seed: 6060073607208313148

41720 Ijustatesigmund the Octopoid Aeon (level 14, -4/103 HPs)
             Began as an Octopode Gladiator on July 1, 2020.
             Was the Champion of Cheibriados.
             Slain by a two-headed ogre
             ... wielding a +0 giant spiked club
              (21 damage)
             ... while paralysed by an ogre mage
             ... on level 14 of the Dungeon on July 2, 2020.
             The game lasted 00:53:37 (13862 turns).

Ijustatesigmund the Octopoid Aeon (OpGl)           Turns: 13862, Time: 00:53:38

Health: -4/103     AC: 19    Str: 29    XL:     14   Next: 16%
Magic:  24/24      EV:  2    Int: 27    God:    Cheibriados [******]
Gold:   1320       SH:  0    Dex: 29    Spells: 11/13 levels left

rFire    + . .     SeeInvis +   q - +1 war axe (protect)
rCold    + + .     Faith    .   u - +0 buckler {AC+3}
rNeg     . . .     Spirit   .   b - +2 hat
rPois    .         Reflect  .   t - amulet of regeneration
rElec    .         Harm     .   c - ring of see invisible (curse)
rCorr    .                      y - +4 ring of slaying
MR       +....                  z - +4 ring of protection
Stlth    +++++++...             A - ring of stealth (curse)
HPRegen  0.67/turn              B - ring of protection from cold
MPRegen  0.19/turn              C - ring of protection from fire
                                L - ring of wizardry
                                I - ring of protection from cold

@: paralysed, protection aura, slowed, very slow
A: almost no armour, stealthy swim, amphibious, 8 rings, constrict 8, iridescent
scales 1, camouflage 1, dopey 1, wild magic 1, gelatinous body 1
a: Bend Time, Temporal Distortion, Slouch, Step From Time, Renounce Religion


You were on level 14 of the Dungeon.
You worshipped Cheibriados.
Cheibriados was exalted by your worship.
You were not hungry.

You visited 2 branches of the dungeon, and saw 15 of its levels.

You collected 4124 gold pieces.
You spent 2804 gold pieces at shops.

Inventory:

Hand Weapons
 j - a +1 morningstar of flaming
 p - a +1 war axe of freezing
 q - a +1 war axe of protection (weapon)
 P - a +0 broad axe
Missiles
 h - 4 throwing nets
 l - 105 poisoned darts
 r - 7 silver boomerangs (quivered)
Armour
 b - a +2 hat (worn)
 u - a +0 buckler of protection (worn)
Jewellery
 c - a cursed ring of see invisible (left tentacle)
 g - an uncursed ring of ice
 t - an amulet of regeneration (around mantle)
 y - a +4 ring of slaying (right tentacle)
 z - a +4 ring of protection (on tentacle)
 A - a cursed ring of stealth (on tentacle)
 B - a ring of protection from cold (on tentacle)
 C - a ring of protection from fire (on tentacle)
 I - a ring of protection from cold (on tentacle)
 L - a ring of wizardry (on tentacle)
Wands
 a - a wand of disintegration (5)
 v - a wand of flame (33)
Scrolls
 k - 2 scrolls of amnesia
 n - 4 scrolls of teleportation
 s - 3 scrolls of identify
 D - a scroll of fear
 E - a scroll of immolation
 F - a scroll of silence
 J - a scroll of blinking
 N - a scroll of remove curse
 O - a scroll of summoning {unknown}
Potions
 e - 2 potions of mutation
 f - 3 potions of stabbing
 i - 3 potions of lignification
 m - 2 potions of heal wounds
 o - a potion of might
 w - 2 potions of curing
 x - 3 potions of brilliance
 K - 2 potions of flight
Miscellaneous
 G - a phantom mirror
 H - a phial of floods
Comestibles
 d - 22 rations
 M - 4 chunks of flesh


   Skills:
 - Level 12.0 Fighting
 - Level 11.1 Axes
 - Level 4.0 Throwing
 - Level 7.5 Dodging
 + Level 8.6 Stealth
 - Level 7.0 Shields
 - Level 2.8 Unarmed Combat
 - Level 13.4 Invocations
 - Level 5.0 Evocations


You had 11 spell levels left.
You knew the following spells:

 Your Spells              Type           Power        Failure   Level  Hunger
a - Passwall              Tmut/Erth      #.......     11%         2    ###....

Your spell library contained the following spells:

 Spells                   Type           Power        Failure   Level  Hunger
 Animate Skeleton         Necr           N/A          7%          1    ##.....
 Apportation              Tloc           #.....       7%          1    ##.....
 Corona                   Hex            #......      7%          1    ##.....
 Sandblast                Erth           #.....       7%          1    ##.....
 Summon Small Mammal      Summ           #...         7%          1    ##.....
 Confusing Touch          Hex            #.......     19%         3    ####...
 Gell's Gravitas          Tloc           #.........   19%         3    ####...
 Stone Arrow              Conj/Erth      #.....       19%         3    ####...
 Petrify                  Tmut/Erth      #.......     47%         4    #####..
 Lee's Rapid Deconstruct  Erth           #.........   80%         5    ######.
 Metabolic Englaciation   Hex/Ice        #.........   80%         5    ######.
 Yara's Violent Unravell  Hex/Tmut       #.........   80%         5    ######.


Dungeon Overview and Level Annotations

Branches:
Dungeon (14/15)            Temple (1/1) D:4            Lair (0/6) D:11
    Orc (0/2) D:9
 Vaults: D:13-14

Altars:
Ashenzari
Cheibriados
Dithmenos
Elyvilon
Fedhas
Gozag
Hepliaklqana
Kikubaaqudgha
Makhleb
Nemelex Xobeh
Okawaru
Qazlal
Ru
Sif Muna
Trog
Uskayaw
Vehumet
Wu Jian
Xom
Yredelemnul
Zin
The Shining One
Jiyva

Shops:
D:5 *[[[(   D:9 (=*%[   D:10 *   D:11 *   D:13 %

Annotations:
D:7 2 transporters


Innate Abilities, Weirdness & Mutations

You cannot wear most types of armour.
You are very stealthy in the water. (Stealth+)
You are amphibious.
You can wear up to eight rings at the same time.
You can use your tentacles to constrict eight enemies at once.
Your skin changes colour to match your surroundings (Stealth+).
Your rubbery body absorbs attacks. (AC +1, EV +1)
You are partially covered in iridescent scales. (AC +2)
You are dopey. (Int -2)
Your spells are a little harder to cast, but a little more powerful.


Message History

You kill the two-headed ogre!
Cheibriados thoroughly appreciates the change of pace.
You hit the two-headed ogre.
The ogre mage casts a spell at the two-headed ogre.
The two-headed ogre seems to speed up.
The big kobold throws a stone.
The stone hits you but does no damage. The ogre mage closely misses you.
The two-headed ogre completely misses you.
The two-headed ogre misses you.
You slash the two-headed ogre! You squeeze the two-headed ogre!
The two-headed ogre is heavily wounded.
The big kobold throws a stone.
You block the stone.
The two-headed ogre hits you with a +0 giant spiked club!!
You block the two-headed ogre's attack. The ogre mage casts a spell at you.
You suddenly lose the ability to move!
You hear a shout!
The two-headed ogre hits you with a +0 giant spiked club!!
* * * LOW HITPOINT WARNING * * *
The two-headed ogre hits you with a +0 giant club!!
You die...

#).####### ####......
#..#.....#...........
#..##)#..#...........
#
#..#.#.#.#..###.#####
e##.#..#.##..#. #.#
#..........#.# #.#
###.#..#.#####.. #.
..............#
.....K..)@O......
####.#..#.####### .
...K...O. ..
K##.#..#.## ..#
#.#..#.# ..# K #. ##.
..# #. . ..#
#.####### # ..#
#...#.#.#


You could see a two-headed ogre (fast), an ogre mage, a big kobold and a kobold.

Vanquished Creatures
  Rupert (D:12)
  Erolcha (D:10)
  3 hydras
  Harold (D:7)
  A rakshasa (D:10)
  A centaur warrior (D:10)
  5 two-headed ogres
  Nergalle (D:12)
  5 skeletal warriors
  3 unseen horrors (D:12)
  5 ugly things
  3 deep elf magi
  4 cyclopes
  2 manticores
  Maurice (D:9)
  3 gargoyles
  2 kobold demonologists (D:14)
  4 trolls
  3 meliai (D:14)
  5 hippogriffs
  5 slime creatures
  A shadow (D:14)
  5 wyverns
  2 vampires (D:10)
  2 wraiths
  16 yaks
  2 hungry ghosts
  8 vampire mosquitoes
  Edmund (D:5)
  A water moccasin (D:11)
  2 porcupines
  10 orc warriors
  4 black bears
  8 ice beasts
  4 sky beasts
  5 ogres
  An eye of draining (D:14)
  4 phantoms
  7 centaurs
  A crocodile (D:11)
  6 bullfrogs
  4 big kobolds
  A gnoll sergeant (D:8)
  A wyvern zombie (D:12)
  A water moccasin skeleton (D:4)
  5 scorpions
  9 killer bees
  9 wights
  2 electric eels (D:10)
  2 howler monkeys (D:12)
  3 crimson imps
  2 centaur zombies
  14 jellies
  3 hounds
  4 bullfrog skeletons
  6 orc priests
  10 centaur skeletons
  A gnoll shaman (D:6)
  Terence (D:2)
  14 orc wizards
  7 worker ants
  7 iguanas
  Natasha (thrice) (D:2)
  3 hound skeletons
  A howler monkey zombie (D:10)
  2 howler monkey skeletons (D:10)
  9 adders
  11 gnolls
  5 river rats (D:6)
  2 shadow imps
  5 oozes (D:8)
  An adder skeleton (D:6)
  2 worms
  3 dart slugs
  9 leopard geckos
  55 orcs
  3 ball pythons
  9 bats
  6 giant cockroaches
  9 goblins
  5 hobgoblins
  20 jackals
  12 quokkas
  4 frilled lizards
  A jackal zombie (D:5)
  28 kobolds
  A leopard gecko zombie (D:5)
  19 rats
483 creatures vanquished.

Vanquished Creatures (others)
  32 fungi (D:11)
  34 plants (D:11)
66 creatures vanquished.

Grand Total: 549 creatures vanquished

Notes
Turn   | Place    | Note
-------+----------+-------------------------------------------
     0 | D:1      | Ijustatesigmund the Octopode Gladiator began the quest for
                  | the Orb.
     0 | D:1      | Reached XP level 1. HP: 14/14 MP: 1/1
   120 | D:1      | Reached XP level 2. HP: 19/20 MP: 2/2
   472 | D:1      | Reached XP level 3. HP: 21/25 MP: 3/3
   890 | D:2      | Gained mutation: You are dopey. (Int -2) [potion of
                  | mutation]
   890 | D:2      | Gained mutation: Your spells are a little harder to cast,
                  | but a little more powerful. [potion of mutation]
   890 | D:2      | Gained mutation: You are partially covered in iridescent
                  | scales. (AC +2) [potion of mutation]
  1231 | D:2      | Found a shimmering altar of Xom.
  1300 | D:2      | Noticed Natasha
  1307 | D:2      | Killed Natasha
  1307 | D:2      | Reached XP level 4. HP: 31/31 MP: 4/4
  1547 | D:2      | Noticed Natasha
  1554 | D:2      | Killed Natasha
  1797 | D:2      | Noticed Natasha
  1806 | D:2      | Killed Natasha
  1806 | D:2      | Reached XP level 5. HP: 33/37 MP: 2/5
  2025 | D:3      | Noticed Terence
  2112 | D:2      | Killed Terence
  2480 | D:3      | Reached skill level 5 in Axes
  2480 | D:3      | Reached XP level 6. HP: 43/44 MP: 6/6
  2768 | D:4      | Reached skill level 1 in Stealth
  3083 | D:4      | Found a staircase to the Ecumenical Temple.
  3092 | Temple   | Entered the Ecumenical Temple
  3149 | Temple   | Became a worshipper of Cheibriados the Contemplative
  3169 | D:4      | Reached skill level 1 in Invocations
  3824 | D:4      | Reached XP level 7. HP: 49/49 MP: 8/8
  4031 | D:5      | Entered Level 5 of the Dungeon
  4043 | D:5      | Found Seittaga's Antique Weapon Boutique.
  4051 | D:5      | Found Zacetexu's Antique Armour Emporium.
  4081 | D:5      | Bought a runed war axe for 201 gold pieces
  4118 | D:5      | Reached skill level 2 in Invocations
  4499 | D:5      | Found Puosh's Armour Boutique.
  4510 | D:5      | Found Dasadux's Armour Shop.
  4572 | D:5      | Reached skill level 3 in Invocations
  4577 | D:5      | Reached * piety under Cheibriados
  4715 | D:5      | Reached skill level 5 in Dodging
  4942 | D:5      | Reached skill level 4 in Invocations
  4942 | D:5      | Reached XP level 8. HP: 51/54 MP: 8/11
  5010 | D:5      | Found Opinuzoh's Assorted Antiques.
  5427 | D:5      | Bought a smoky emerald potion for 19 gold pieces
  5578 | D:5      | Noticed Edmund
  5590 | D:5      | Killed Edmund
  5590 | D:5      | Reached skill level 5 in Fighting
  5905 | D:6      | Reached skill level 5 in Invocations
  5925 | D:6      | Reached ** piety under Cheibriados
  6150 | D:6      | Found a sparkling altar of Nemelex Xobeh.
  6303 | D:5      | Bought a scroll labeled UJOEVO YNOS for 22 gold pieces
  6695 | D:6      | Found a stormy altar of Qazlal.
  6707 | D:6      | Found a basalt altar of Yredelemnul.
  6708 | D:6      | Found an ornate altar of the Wu Jian Council.
  7039 | D:6      | Reached skill level 6 in Invocations
  7039 | D:6      | Reached XP level 9. HP: 38/62 MP: 13/13
  7184 | D:6      | Reached *** piety under Cheibriados
  7226 | D:7      | Found a transporter.
  7651 | D:7      | Noticed Harold
  7660 | D:7      | Killed Harold
  7660 | D:7      | Reached skill level 7 in Invocations
  7726 | D:7      | Found a transporter.
  8027 | D:8      | Reached XP level 10. HP: 62/72 MP: 15/15
  8030 | D:8      | Reached skill level 8 in Invocations
  8066 | D:8      | Reached **** piety under Cheibriados
  8070 | D:8      | Found a sacrificial altar of Ru.
  8269 | D:8      | Found a viscous altar of Jiyva.
  8401 | D:8      | Reached skill level 1 in Shields
  8627 | D:8      | Found a radiant altar of Vehumet.
  8644 | D:8      | Reached ***** piety under Cheibriados
  8682 | D:8      | Identified a scroll of acquirement
  8803 | D:9      | Reached skill level 9 in Invocations
  8810 | D:9      | Found Isiran's Food Emporium.
  8876 | D:9      | Found Tugil's Antique Armour Shop.
  8980 | D:9      | Noticed Maurice
  9014 | D:9      | Killed Maurice
  9033 | D:9      | Found Xutt's Jewellery Shop.
  9037 | D:9      | Bought a cursed ring of see invisible for 156 gold pieces
  9037 | D:9      | Bought a +4 ring of slaying for 1014 gold pieces
  9037 | D:9      | Bought a +4 ring of protection for 468 gold pieces
  9037 | D:9      | Bought a cursed ring of stealth for 188 gold pieces
  9041 | D:9      | Bought an uncursed ring of protection from cold for 325
                  | gold pieces
  9041 | D:9      | Bought an uncursed ring of protection from fire for 325
                  | gold pieces
  9067 | D:9      | Reached skill level 10 in Invocations
  9119 | D:9      | Found Natipt's Assorted Antiques.
  9126 | D:9      | Bought a scroll labeled JUUSOR KYD MIL for 31 gold pieces
  9329 | D:9      | Reached skill level 5 in Shields
  9379 | D:9      | Reached XP level 11. HP: 77/77 MP: 18/18
  9385 | D:9      | Found Uxozal's Antique Weapon Boutique.
  9840 | D:9      | Found a staircase to the Orcish Mines.
  9926 | D:10     | Entered Level 10 of the Dungeon
  9992 | D:10     | Noticed Erolcha
 10023 | D:10     | Killed Erolcha
 10023 | D:10     | Reached skill level 11 in Invocations
 10194 | D:10     | Noticed a two-headed ogre
 10200 | D:10     | Killed a two-headed ogre
 10200 | D:10     | Reached ****** piety under Cheibriados
 10501 | D:10     | Reached skill level 1 in Unarmed Combat
 10501 | D:10     | Reached skill level 1 in Evocations
 10695 | D:10     | Noticed a deep elf mage
 10695 | D:10     | Noticed a centaur warrior
 10695 | D:10     | Noticed a rakshasa
 10702 | D:10     | Killed a rakshasa
 10705 | D:10     | Killed a centaur warrior
 10708 | D:10     | Killed a deep elf mage
 10726 | D:10     | Reached XP level 12. HP: 51/84 MP: 15/20
 10921 | D:10     | Found Bastroer's Assorted Antiques.
 10934 | D:10     | Bought a bubbling amethyst potion for 26 gold pieces
 10934 | D:10     | Bought a scroll labeled NEOMIMEFFI for 29 gold pieces
 10996 | D:11     | Noticed a four-headed hydra
 11069 | D:11     | Reached skill level 12 in Invocations
 11194 | D:11     | Found Naqoimar's Assorted Antiques.
 11483 | D:11     | Found a staircase to the Lair.
 11527 | D:11     | Killed a four-headed hydra
 11988 | D:11     | Noticed a two-headed ogre
 11996 | D:11     | Killed a two-headed ogre
 11996 | D:11     | Reached skill level 5 in Evocations
 12038 | D:12     | Noticed Rupert
 12282 | D:11     | Reached skill level 10 in Axes
 12297 | D:12     | Reached skill level 10 in Fighting
 12401 | D:12     | Learned a level 2 spell: Passwall
 12501 | D:12     | Reached XP level 13. HP: 70/92 MP: 19/22
 12633 | D:12     | Noticed Nergalle
 12638 | D:12     | Killed Nergalle
 12896 | D:12     | Reached skill level 13 in Invocations
 13024 | D:12     | Killed Rupert
 13130 | D:13     | Found Tiaduala's Food Emporium.
 13610 | D:14     | Found an iron altar of Okawaru.
 13704 | D:14     | Reached skill level 5 in Stealth
 13704 | D:14     | Reached XP level 14. HP: 83/103 MP: 24/24
 13861 | D:14     | Paralysed by an ogre mage for 2 turns
 13862 | D:14     | Slain by a two-headed ogre

Illustrated notes

Levels and vault maps discovered:
D:1:      scummos_arrival_checkerplants, layout_basic
D:2:      layout_basic, first_ration, xom_teletrap_fun, uniq_natasha
D:3:      layout_rooms, st_stairs_4, hangedman_decor_growths, uniq_terence
D:4:      layout_layer_cave, minmay_temple_entry_slanted
D:5:      wander_river, layout_basic, serial_shops, nicolae_shop_trees, shop,
          nicolae_shop_behind_doors, shop_fountains,
          nicolae_shop_overgrown_old_shop, minmay_crystal_room, uniq_edmund
D:6:      lemuel_ratsnest, layout_loops_corners, grunt_qazlal_sundering,
          nemelex_xobeh_ov_fountains_minmay, grunt_temple_overflow_open
D:7:      gammafunk_steamed_eel, layout_rooms, uniq_harold
D:8:      layout_basic, lemuel_doored_altar, vehumet_crystals,
          hangedman_little_slice_of_home, dk_noncrumbling_3, jiyva_altar_1
D:9:      layout_long_grid, david_orc_4, serial_shops, shop, shop, shop, shop,
          shop, uniq_maurice
D:10:     minmay_the_grid_triangle_9x9_recursive_2
          [minmay_the_grid_triangle_9x9_prize_top_heavy,
          minmay_the_grid_triangle_9x9_dagger,
          minmay_the_grid_triangle_9x9_corruption,
          minmay_the_grid_triangle_9x9_warning], layout_basic, serial_shops,
          shop_fountains, uniq_erolcha
D:11:     layout_irregular_city, due_lair_maze_entry_diamond, serial_shops,
          nicolae_shop_crystal, chequers_serial_rivers_large_a,
          kennysheep_generic_room_3
D:12:     layout_roguey, skrybe_limestone_x, uniq_rupert, uniq_nergalle
D:13:     layout_big_octagon, serial_shops, kennysheep_mini_moat,
          nicolae_shop_waterfront, kennysheep_mini
D:14:     layout_basic, hangedman_vaults_entry_quadrant_bands,
          nicolae_ru_the_path_less_chosen, basic_altar, minmay_alternating_orb
Temple:   nicolae_temple_x_marks_the_god

Skill      XL: |  1  2  3  4  5  6  7  8  9 10 11 12 13 14 |
---------------+-------------------------------------------+-----
Fighting       | 3 4 6 7 8 10 12 | 12.0
Axes           | 4 5 6 8 9 10 11 | 11.1
Stealth        | 2 5 8 |  8.6
Invocations    | 1 4 6 7 10 11 12 13 | 13.4
Dodging        | 5 7 |  7.5
Shields        | 5 7 |  7.0
Unarmed Combat | 2 |  2.8
Evocations     | 3 5 |  5.0
Throwing       | 4 |  4.0

Action                   |  1- 3 |  4- 6 |  7- 9 | 10-12 | 13-15 || total
-------------------------+-------+-------+-------+-------+-------++-------
Melee: War axe           |    55 |   100 |   219 |   390 |   220 ||   984
       Constrict         |    15 |    34 |    42 |    66 |    34 ||   191
       Tentacles         |     7 |    25 |    54 |   159 |    99 ||   344
       Punch             |       |       |       |     9 |     9 ||    18
       Morningstar       |       |       |       |     4 |     6 ||    10
Throw: Throwing net      |     1 |     3 |     2 |       |       ||     6
       Dart              |       |     6 |    30 |       |       ||    36
       Boomerang         |       |       |       |    23 |     6 ||    29
Invok: Bend Time         |       |       |     1 |     4 |     1 ||     6
       Slouch            |       |       |       |     1 |     2 ||     3
Evoke: Wand              |       |       |       |     5 |     7 ||    12
  Use: Scroll            |     4 |     7 |     9 |     9 |     2 ||    31
       Potion            |     1 |       |     2 |     3 |     1 ||     7
 Stab: Sleeping          |     3 |     2 |     6 |    27 |    10 ||    48
       Held in net/web   |       |     1 |     1 |       |       ||     2
       Distracted        |       |       |       |     5 |     3 ||     8
       Paralysed         |       |       |       |       |     3 ||     3
  Eat: Chunk             |     1 |     7 |     9 |    10 |       ||    27
       Ration            |       |       |     1 |       |     1 ||     2
Armor: Skin              |     7 |    22 |    33 |    91 |    58 ||   211
Dodge: Dodged            |    38 |   101 |   168 |   272 |   179 ||   758
Block: Buckler           |       |       |       |   123 |    83 ||   206

Table legend:
 A = Non-vault XP
 B = Vault XP
 C = Vault XP percentage of total XP
 D = Non-vault monster count
 E = Vault monster count
 F = Vault count percentage of total count
                 A         B        C        D         E       F
            +---------+---------+-------+---------+---------+-------
      Total |   37179 |   22422 |  37.6 |     369 |     114 |  23.6
            +---------+---------+-------+---------+---------+-------
        D:1 |      51 |       0 |   0.0 |      23 |       0 |   0.0
        D:2 |     121 |      73 |  37.6 |      16 |       2 |  11.1
        D:3 |     122 |       7 |   5.4 |      36 |       3 |   7.7
        D:4 |     243 |       0 |   0.0 |       9 |       0 |   0.0
        D:5 |     773 |     173 |  18.3 |      23 |       1 |   4.2
        D:6 |    1025 |     227 |  18.1 |      29 |      28 |  49.1
        D:7 |     837 |     981 |  54.0 |      16 |       1 |   5.9
        D:8 |    1542 |     341 |  18.1 |      35 |      12 |  25.5
        D:9 |    2708 |    1171 |  30.2 |      40 |      17 |  29.8
       D:10 |    4795 |    5962 |  55.4 |      35 |      18 |  34.0
       D:11 |    7238 |    1564 |  17.8 |      30 |       7 |  18.9
       D:12 |    9316 |    3499 |  27.3 |      34 |       2 |   5.6
       D:13 |    2044 |       0 |   0.0 |       9 |       0 |   0.0
       D:14 |    6364 |    8424 |  57.0 |      34 |      23 |  40.4
            +---------+---------+-------+---------+---------+-------
